Map: Tours du crépuscule

Players

Worming - Winner!

  • Race: Zerg Zerg
  • League: Diamond

Jarvis

  • Race: Zerg Zerg
  • League: Diamond

VOD

Have the link to the VOD?

Description

Time

  • Played on: Nov. 17, 2015, 1:24 p.m.
  • Length: 12:45
Show
View Real Time Build Order
Export as new Build Order

Worming Zerg - Winner!

Build Orders: Hatch First, Lurkers 

Get SALT Encoding   

  12  0:02  Drone  
  13  0:12  Overlord  
  13  0:19  Drone  
  14  0:32  Drone x2  
  17  0:35  Drone  
  17  0:52  Hatchery  
  17  0:56  Drone  
  17  1:01  Drone  
  17  1:02  Extractor  
  17  1:16  Spawning Pool  
  17  1:17  Drone  
  17  1:21  Drone  
  18  1:29  Drone  
  19  1:38  Drone  
  20  1:50  Overlord  
  20  2:02  Queen  
  20  2:04  Queen  
  20  2:05  Zergling x4  
  26  2:09  Metabolic Boost  
  26  2:12  Drone  
  27  2:20  Drone  
  28  2:24  Baneling Nest  
  28  2:25  Drone  
  28  2:35  Drone x2  
  30  2:48  Drone x3  
  33  2:54  Overlord  
  33  3:18  Zergling x18  
  40  3:35  Overlord  
  40  3:36  Zergling x4  
  40  3:37  Baneling x5  
  40  3:38  Queen  
  44  3:55  Drone x8  
  52  4:00  Evolution Chamber  
  51  4:11  Hatchery  
  51  4:14  Drone x2  
  52  4:18  Lair  
  52  4:19  Extractor  
  52  4:20  Extractor  
  50  4:25  Drone x2  
  50  4:26  Zerg Missile Weapons Level 1  
  52  4:32  Drone, Roach Warren  
  52  4:49  Overlord x3  
  52  5:10  Drone x2  
  52  5:13  Overlord  
  54  5:15  Glial Reconstitution  
  54  5:17  Roach x6  
  54  5:18  Roach  
  68  5:22  Drone x2  
  68  5:28  Drone  
  73  5:35  Roach  
  73  5:36  Roach x3  
  79  5:49  Roach x5  
  89  5:55  Drone  
  90  5:57  Overlord x2  
  90  6:06  Overlord  
  90  6:17  Drone x2  
  92  6:19  Drone  
  92  6:21  Drone, Roach  
  92  6:22  Roach x5  
  106  6:25  Zerg Missile Weapons Level 2  
  106  6:37  Baneling x6  
  98  7:06  Roach  
  98  7:07  Roach x8  
  97  7:17  Zergling x12, Roach  
  97  7:18  Zergling x12  
  111  7:29  Drone x3  
  114  7:47  Overlord x4  
  114  7:48  Overlord  
  114  7:53  Extractor  
  113  8:03  Hydralisk Den  
  112  8:10  Ravager x2  
  112  8:11  Ravager  
  112  8:12  Ravager  
  116  8:13  Ravager  
  116  8:17  Drone  
  116  8:18  Drone x2  
  120  8:21  Drone x6, Extractor  
  120  8:22  Drone x6, Extractor  
  130  8:36  Hatchery  
  127  8:44  Overseer, Pneumatized Carapace  
  127  8:46  Lurker Den  
  127  8:48  Drone x3  
  129  8:49  Drone x3, Overlord  
  129  8:50  Overlord x5  
  124  9:15  Queen x2  
  127  9:18  Zerg Ground Armor Level 1  
  125  9:40  Hydralisk x2  
  125  9:41  Zergling x2, Hydralisk  
  125  9:42  Zergling x28  
  146  9:46  Spine Crawler  
  145  10:09  Infestation Pit  
  145  10:14  Extractor x2  
  142  10:27  Drone  
  142  10:28  Drone x4  
  145  10:29  Drone, Roach  
  145  10:30  Roach x8  
  166  10:37  Hydralisk x3  
  166  10:42  Zergling x2  
  173  10:43  Zergling x2  
  173  10:47  Hive  
  173  10:49  Roach, Hydralisk  
  180  10:50  Roach x4, Hydralisk x3  
  180  10:52  Muscular Augments  
  177  11:06  Lurker x2  
  177  11:07  Lurker  
  177  11:08  Roach, Hydralisk x4  
  177  11:09  Roach x3  
  196  11:12  Overlord  
  196  11:13  Overlord  
  149  11:51  Lurker x3  
  149  11:52  Lurker  
  151  11:54  Roach x2  
  151  11:55  Zergling x18, Roach x5  
  162  12:21  Hatchery  
Show
View Real Time Build Order
Export as new Build Order

Jarvis Zerg 

Build Orders: Hatch First 

Get SALT Encoding   

  12  0:02  Drone  
  13  0:12  Overlord  
  13  0:17  Drone  
  14  0:31  Drone x2  
  14  0:34  Drone  
  17  0:54  Hatchery  
  17  0:56  Drone  
  17  0:59  Extractor  
  17  1:02  Drone  
  17  1:16  Spawning Pool  
  16  1:20  Drone  
  16  1:25  Drone  
  18  1:33  Overlord  
  18  1:39  Drone  
  19  1:50  Drone  
  20  2:03  Metabolic Boost  
  20  2:04  Queen  
  20  2:08  Queen  
  22  2:13  Zergling x2  
  22  2:14  Zergling x2  
  26  2:26  Baneling Nest  
  26  2:27  Drone x2  
  27  2:33  Overlord  
  27  2:46  Zergling x8  
  27  2:49  Drone  
  32  3:00  Drone x2  
  34  3:15  Drone x5  
  34  3:19  Drone x3  
  42  3:29  Drone x2  
  44  3:42  Hatchery  
  43  3:49  Zergling x2  
  43  3:51  Overlord x2  
  44  4:03  Roach Warren  
  44  4:05  Evolution Chamber x2  
  44  4:08  Extractor  
  44  4:09  Extractor  
  39  4:13  Lair  
  39  4:16  Drone x4  
  43  4:17  Extractor  
  43  4:18  Baneling x3  
  43  4:19  Baneling  
  43  4:20  Baneling  
  43  4:21  Baneling  
  42  4:26  Drone  
  42  4:27  Drone  
  44  4:40  Drone x6  
  44  4:43  Zerg Missile Weapons Level 1  
  50  4:57  Roach x3  
  50  4:58  Roach  
  58  5:00  Baneling x3  
  58  5:02  Baneling  
  58  5:11  Roach x2  
  58  5:12  Roach  
  64  5:25  Roach  
  64  5:27  Overlord x3  
  66  5:45  Zerg Ground Armor Level 1  
  66  5:46  Hydralisk Den  
  66  5:48  Queen  
  67  5:50  Drone x4  
  67  5:54  Baneling x4  
  71  6:01  Glial Reconstitution  
  71  6:10  Ravager  
  72  6:13  Drone x4  
  72  6:14  Drone x3, Extractor  
  72  6:16  Extractor  
  77  6:21  Ravager  
  77  6:23  Ravager  
  79  6:38  Ravager x2  
  79  6:39  Zergling x8  
  86  6:40  Zergling x10  
  76  7:09  Roach  
  76  7:10  Roach x8  
  76  7:15  Roach  
  70  7:16  Roach x4  
  70  7:22  Roach x2  
  80  7:29  Roach  
  82  7:33  Overseer  
  82  7:35  Ravager x2  
  82  7:44  Zergling x4  
  82  7:50  Overlord x3  
  84  8:05  Baneling x3  
  84  8:06  Baneling  
  84  8:10  Ravager x4  
  84  8:11  Ravager  
  84  8:12  Ravager x2  
  91  8:14  Roach  
  93  8:24  Roach x3  
  93  8:25  Roach  
  101  8:47  Roach  
  101  8:48  Roach x2  
  107  8:49  Overlord x2  
  107  8:50  Overlord x2  
  107  8:53  Zerg Ground Armor Level 2  
  99  9:17  Roach  
  99  9:18  Roach x4  
  99  9:21  Roach  
  111  9:24  Roach x3  
  111  9:25  Roach x3  
  123  9:41  Zerg Missile Weapons Level 2  
  123  9:54  Roach  
  123  9:55  Zergling x10, Roach x3  
  123  9:56  Zergling x2, Hatchery  
  136  10:00  Overlord  
  136  10:02  Overlord  
  136  10:09  Overlord  
  136  10:13  Overlord  
  136  10:19  Baneling x2  
  136  10:20  Baneling x6  
  136  10:26  Overlord x2  
  136  10:44  Roach x6  
  148  10:56  Zergling x6, Roach  
  151  11:07  Ravager x5  
  151  11:08  Ravager x2  
  151  11:09  Zergling x6  
  161  11:13  Queen  
  161  11:15  Drone  
  164  11:27  Extractor  
  164  11:30  Extractor  
  135  11:38  Roach x5  
  135  11:39  Roach  
  116  11:50  Roach  
  116  11:51  Roach x9  
  128  11:58  Drone x3  
Tags
 
Add a new tag
Caveats
  • Supply blocks, unpowered buildings, or Contaminate may cause inaccurate times.
  • Supply counts are checked every 10 seconds.